 Dungeon Crawl Stone Soup version 0.29.0-11-gd7f09526c8 (webtiles) character file.

Game seed: 10195278566711847774

4214 freelancePsychic the Fighter (level 10, -3/80 HPs)
             Began as a Formicid Conjurer on Sept 3, 2022.
             Was an Initiate of Gozag.
             Slain by a white ugly thing (33 damage)
             ... on level 8 of the Dungeon.
             The game lasted 00:23:57 (10996 turns).

freelancePsychic the Fighter (Formicid Conjurer)   Turns: 10996, Time: 00:23:57

Health: -3/80      AC:  8    Str: 14    XL:     10   Next: 54%
Magic:  4/19       EV: 15    Int: 23    God:    Gozag
Gold:   182        SH:  5    Dex: 12    Spells: 10/21 levels left

rFire   + + +      SeeInvis +   c - +1 quarterstaff (freeze)
rCold   . . .      Faith    .   o - +0 buckler
rNeg    . . .      Spirit   .   u - +1 leather armour {rPois}
rPois   +          Reflect  .   (helmet unavailable)
rElec   .          Harm     .   q - +1 cloak
rCorr   +          Rampage  .   g - +0 pair of gloves {Str+3}
Will    +....                   p - +0 pair of boots
Stlth   +++.......              (no amulet)
HPRegen 0.23/turn               f - ring of wizardry
MPRegen 0.16/turn               s - ring "Beerui" {Drain rPois rF+++ rCorr EV+4}

@: gold aura
A: permanent stasis, dig shafts and tunnels, antennae 3, four strong arms
a: Dig, Shaft Self, Renounce Religion, Potion Petition, Call Merchant, Bribe
Branch


You were on level 8 of the Dungeon.
You worshipped Gozag.
Gozag was aware of your devotion.
You visited 1 branch of the dungeon, and saw 8 of its levels.
You also visited: Bailey.

You collected 1629 gold pieces.
You spent 986 gold pieces at shops.
You paid 461 gold pieces to Gozag.

Inventory:

Hand Weapons
 c - a +1 quarterstaff of freezing (weapon)
Missiles
 m - a throwing net
Armour
 a - a +0 robe
 g - a +0 pair of gloves of strength (worn)
 o - a +0 buckler (worn)
 p - a +0 pair of boots (worn)
 q - a +1 cloak (worn)
 u - a +1 leather armour of poison resistance (worn)
Jewellery
 f - a ring of wizardry (left hand)
 j - a ring of fire
 s - the ring "Beerui" (right hand) {Drain rPois rF+++ rCorr EV+4}
   (You bought it in a shop on level 6 of the Dungeon)

   [ring of evasion]

   EV:        It affects your evasion (+4).
   rF:        It renders you almost immune to fire.
   rPois:     It protects you from poison.
   rCorr:     It protects you from acid and corrosion.
   Drain:     It drains your maximum health when unequipped.
Wands
 t - a wand of roots (10)
Scrolls
 l - a scroll of fog
 w - a scroll of noise {unknown}
Potions
 b - 4 potions of magic
 d - a potion of mutation
 e - a potion of attraction
 h - a potion of heal wounds {@q2}
 i - a potion of brilliance
 k - 3 potions of curing {@q1}
 n - 3 potions of might
 r - a potion of invisibility {unknown}


   Skills:
 + Level 8.1 Fighting
 + Level 1.7 Staves
 - Level 1.7 Dodging
 - Level 5.0 Stealth
 - Level 4.0 Shields
 + Level 6.0 Spellcasting
 + Level 7.7 Conjurations
 + Level 6.4 Hexes
 - Level 3.2 Translocations


You had 10 spell levels left.
You knew the following spells:

 Your Spells              Type           Power      Damage    Failure   Level
a - Magic Dart            Conj           100%       1d8       1%          1
b - Searing Ray           Conj           84%        2d7       1%          2
c - Iskenderun's Mystic   Conj/Tloc      32%        2d8       6%          4
d - Fulminant Prism       Conj/Hex       19%        3d11      2%          4

Your spell library contained the following spells:

 Spells                   Type           Power      Damage    Failure   Level
 Static Discharge         Conj/Air       24%        3-6/arc   1%          2
 Dazzling Flash           Conj/Hex       78%        N/A       1%          3
 Sticky Flame             Conj/Fire      24%        2d5       11%         4
 Lightning Bolt           Conj/Air       12%        1d25      28%         5
 Silence                  Hex/Air        10%        N/A       36%         5
 Dispel Undead            Necr           6%         3d8       45%         4
 Agony                    Necr           6%         N/A       78%         5
 Maxwell's Capacitive Co  Air            3%         ∞         100%        8


Dungeon Overview and Level Annotations

Branches:
Dungeon (8/15)             Temple (0/1) D:5          Bailey (visited)
   Lair: D:8-11

Altars:
Cheibriados
Elyvilon
Fedhas
Gozag
Hepliaklqana
Nemelex Xobeh
Vehumet
Zin

Shops:
D:6 =

Annotations:
D:2 Terence
D:3 exclusion: statue
D:4 Natasha
D:5 3 runed translucent doors, Werew's ghost, novice MfGl; xian's ghost, weakling NaDe


Innate Abilities, Weirdness & Mutations

You cannot be hasted, slowed, berserked, paralysed or teleported.
You can dig through walls and to a lower floor.
You have a pair of large antennae on your head. (SInv)
Your four strong arms can wield two-handed weapons with a shield.


Message History

The wight is knocked back by the mystic blast.
The mystic blast hits the bullfrog!
The bullfrog is severely wounded.
The bullfrog is knocked back by the mystic blast.
The white ugly thing gurgles horribly!
The wight is distracted by your dazzling golden aura.
The bullfrog misses you. The bullfrog closely misses you.
The bullfrog hits you.
Casting: Iskenderun's Mystic Blast (dangerous; 6% risk of failure)
Confirm with . or Enter, or press ? or * to list all spells.
You erupt in a blast of force!
The mystic blast hits the bullfrog.
The bullfrog is almost dead.
The bullfrog is knocked back by the mystic blast.
The bullfrog collides with the white ugly thing!
The white ugly thing is lightly wounded.
You kill the bullfrog!
Your Spellcasting skill increases to level 6!
Casting: Iskenderun's Mystic Blast (dangerous; 6% risk of failure)
Confirm with . or Enter, or press ? or * to list all spells.
You don't have enough magic to cast this spell.
As you read the scroll labelled TIQOLIH ULUKHLU, it crumbles to dust.
The creatures around you are filled with an inner flame!
It was a scroll of immolation.
The wight is no longer distracted by gold.
The white ugly thing barely misses you.
You hit the white ugly thing but do no damage.
The white ugly thing is lightly wounded.
The white ugly thing pecks you! The white ugly thing freezes you!!
You hit the wight.
The wight explodes!
The fiery explosion engulfs you! You resist.
The fiery explosion engulfs the white ugly thing!!!
Flame seeps out of the white ugly thing.
The white ugly thing is severely wounded.
You are engulfed in blazing flames.
You resist.
The white ugly thing is engulfed in blazing flames.
Flame seeps out of the white ugly thing.
The white ugly thing pecks you. The white ugly thing freezes you!!
You die...
Your body crumbles into a pile of gold.

$
##.##+###
.....§§@#
##.#.§§u#
#$$.$#
#$...#
#..... $
###...
+..$
#....


You could see a white ugly thing (inner flame).

Vanquished Creatures
  An orc knight (Bailey)
  Grinder (D:5)
  A steam dragon (D:7)
  2 black bears
  8 orc warriors (Bailey)
  3 ogres
  2 phantoms
  4 centaurs
  A kobold brigand (D:7)
  A bullfrog (D:8)
  3 necrophages
  A gnoll sergeant (D:7)
  3 scorpions
  6 wights
  A howler monkey (D:6)
  A gnoll bouda (D:5)
  2 hounds (D:6)
  2 jellies (D:6)
  5 orc priests
  2 iguanas
  8 orc wizards
  6 gnolls
  13 adders
  A shadow imp (D:6)
  2 white imps
  4 ufetubi
  A worm (D:4)
  3 dart slugs
  48 orcs
  9 endoplasms
  6 giant cockroaches
  8 hobgoblins
  12 jackals
  3 ball pythons
  5 bats
  3 frilled lizards
  10 goblins
  11 kobolds
  7 rats
210 creatures vanquished.

Vanquished Creatures (others)
  49 fulminant prisms
  6 withered plants (D:5)
55 creatures vanquished.

Grand Total: 265 creatures vanquished

Notes
Turn   | Place    | Note
-------+----------+-------------------------------------------
     0 | D:1      | freelancePsychic the Formicid Conjurer began the quest for
                  | the Orb.
     0 | D:1      | Reached XP level 1. HP: 13/13 MP: 3/3
   156 | D:1      | Reached XP level 2. HP: 17/20 MP: 5/5
   796 | D:1      | Reached XP level 3. HP: 25/25 MP: 6/6
   802 | D:1      | Reached skill level 1 in Fighting
   805 | D:1      | Learned a level 2 spell: Searing Ray
  1668 | D:2      | Reached XP level 4. HP: 28/32 MP: 3/8
  1840 | D:2      | Noticed Terence
  2565 | D:3      | Found an opulent altar of Gozag.
  2571 | D:3      | Became a worshipper of Gozag Ym Sagoz the Greedy
  2815 | D:3      | Found a sparkling altar of Nemelex Xobeh.
  2822 | D:3      | Reached XP level 5. HP: 38/38 MP: 5/9
  3011 | D:3      | Found a radiant altar of Vehumet.
  3011 | D:3      | Noticed a charred statue
  3041 | D:3      | Reached skill level 2 in Fighting
  3909 | D:3      | Learned a level 4 spell: Fulminant Prism
  3943 | D:4      | Found a hazy altar of Hepliaklqana.
  4028 | D:4      | Reached skill level 5 in Stealth
  4029 | D:4      | Noticed a black bear
  4056 | D:4      | Found a white marble altar of Elyvilon.
  4253 | D:4      | Reached skill level 1 in Hexes
  4253 | D:4      | Reached XP level 6. HP: 10/46 MP: 1/10
  4652 | D:4      | Reached skill level 1 in Shields
  4783 | D:4      | Killed a black bear
  4784 | D:4      | Reached skill level 3 in Fighting
  4784 | D:4      | Reached XP level 7. HP: 41/52 MP: 2/11
  4942 | D:4      | Noticed Natasha
  5027 | D:5      | Entered Level 5 of the Dungeon
  5027 | D:5      | Found a staircase to the Ecumenical Temple.
  5237 | D:5      | Found a runed translucent gate.
  5237 | D:5      | Found a runed translucent gate.
  5239 | D:5      | Found a runed translucent gate.
  5285 | D:5      | Reached skill level 5 in Conjurations
  5384 | D:5      | Noticed Werew's ghost (novice MfGl)
  5384 | D:5      | Noticed xian's ghost (weakling NaDe)
  5417 | D:5      | Noticed Grinder
  5429 | D:5      | Killed Grinder
  5430 | D:5      | Reached skill level 4 in Fighting
  5430 | D:5      | Reached XP level 8. HP: 61/61 MP: 0/12
  6030 | D:5      | Reached skill level 5 in Fighting
  6223 | D:5      | Reached skill level 5 in Hexes
  6669 | D:5      | Found a blossoming altar of Fedhas.
  7217 | D:6      | Reached XP level 9. HP: 69/69 MP: 8/13
  7387 | D:6      | Reached skill level 6 in Fighting
  8050 | D:6      | Found a glowing silver altar of Zin.
  8408 | D:6      | Learned a level 4 spell: Iskenderun's Mystic Blast
  8446 | D:7      | Found a flagged portal.
  8458 | Bailey   | Entered a bailey
  8712 | Bailey   | Noticed an orc knight
  8738 | Bailey   | Reached skill level 1 in Translocations
  8848 | Bailey   | Identified the +1 plate armour "Feqaroem" {rF+ Regen+}
  9078 | Bailey   | Noticed an orc knight
  9214 | Bailey   | Reached skill level 7 in Fighting
  9521 | Bailey   | Killed an orc knight
  9522 | Bailey   | Reached skill level 5 in Spellcasting
  9522 | Bailey   | Reached XP level 10. HP: 79/79 MP: 1/17
 10162 | D:7      | Found a snail-covered altar of Cheibriados.
 10421 | D:7      | Reached skill level 1 in Staves
 10652 | D:6      | Bought the ring "Beerui" {Drain rPois rF+++ rCorr EV+4} for
                  | 986 gold pieces
 10770 | D:7      | Reached skill level 8 in Fighting
 10988 | D:8      | Noticed a white ugly thing
 10996 | D:8      | Slain by a white ugly thing

Illustrated notes

Levels and vault maps discovered:
D:1:      lightli_arrival_statue_moat, layout_loops_cross,
          minmay_misc_feat_doors
D:2:      layout_basic, uniq_terence
D:3:      layout_loops_corners, nemelex_dance_club_becter, vehumet_statue,
          mainiacjoe_overflow_six_doors_small
D:4:      layout_rooms, nicolae_overflow_hidden_temple, lemuel_crystal_altar,
          nicolae_kite_square_tiling_tiny, uniq_natasha
D:5:      layout_basic, mainiacjoe_overflow_concentric_impassable,
          minmay_temple_entry_stoned_glass, gammafunk_ghost_cemetery,
          kennysheep_opposing_triangles, uniq_grinder
D:6:      layout_basic, general_overflow_altar
D:7:      layout_gridville, kennysheep_slug_shrine, enter_bailey_2
D:8:      layout_basic, serial_shops, nicolae_shop_crystal,
          small_chamber_with_monster

Skill      XL: |  1  2  3  4  5  6  7  8  9 10 |
---------------+-------------------------------+-----
Stealth        | 3 4 5 |  5.0
Fighting       | 1 2 3 4 5 7 8 |  8.1
Conjurations   | 4 5 6 7 |  7.7
Spellcasting   | 3 5 6 |  6.0
Hexes          | 1 2 3 5 6 |  6.4
Shields        | 2 4 |  4.0
Translocations | 2 3 |  3.2
Staves         | 1 |  1.7
Dodging        | |  1.7

Action                   |  1- 3 |  4- 6 |  7- 9 | 10-12 || total
-------------------------+-------+-------+-------+-------++-------
Melee: Quarterstaff      |    12 |    27 |    63 |    19 ||   121
       Unarmed           |     1 |       |       |       ||     1
 Cast: Magic Dart        |    33 |     3 |       |       ||    36
       Searing Ray       |    12 |    36 |    52 |     9 ||   109
       Fulminant Prism   |       |       |    39 |    10 ||    49
       Iskenderun's Myst |       |       |       |    15 ||    15
Invok: Call Merchant     |       |       |     1 |       ||     1
Evoke: Wand              |       |     5 |     5 |       ||    10
  Use: Scroll            |     1 |     8 |     7 |     1 ||    17
 Stab: Sleeping          |     3 |       |     1 |       ||     4
Armor: Robe              |     1 |     7 |    24 |    10 ||    42
Dodge: Dodged            |     8 |    24 |    70 |    25 ||   127
Block: Buckler           |       |     3 |    26 |    14 ||    43
